 Dungeon Crawl Stone Soup version 0.18-a0-1683-gf9322e6 (webtiles) character file.

13099 namelastname112 the Carver (level 11, -17/99 HPs)
             Began as a Pale Draconian Berserker on Apr 3, 2016.
             Was a High Priest of Trog.
             Hit by a large rock thrown by a cyclops (48 damage)
             ... on level 11 of the Dungeon.
             The game lasted 00:19:32 (11586 turns).

namelastname112 the Carver (DrBe)                  Turns: 11586, Time: 00:19:33

Health: -17/99     AC:  7    Str: 19    XL:     11   Next: 71%
Magic:  11/11      EV: 17    Int:  8    God:    Trog [*****.]
Gold:   600        SH:  9    Dex: 14    Spells: 0 memorised, 10 levels left

rFire  + . .     SeeInvis .     m - +0 scimitar (flame)
rCold  . . .     Gourm    .     (armour unavailable)
rNeg   . . .     Faith    .     l - +0 buckler
rPois  .         Spirit   .     (helmet restricted)
rElec  .         Dismiss  .     E - +0 cloak
rCorr  .         Reflect  +     q - +1 pair of gloves
SustAt .         Harm     .     y - +0 pair of boots
MR     +....                    u - +3 amulet of reflection
Stlth  +.........               (no ring)
                                r - ring of protection from fire

@: exhausted, corroded, slowed, very slow, somewhat resistant to hostile
enchantments, very unstealthy
A: breathe steam, unfitting armour, magic resistance 1, cold-blooded, AC +7
a: Breathe Steam, Berserk, Trog's Hand, Brothers in Arms, Burn Spellbooks,
Renounce Religion


You were on level 11 of the Dungeon.
You worshipped Trog.
Trog was extremely pleased with you.
You were very hungry.

You visited 1 branch of the dungeon, and saw 11 of its levels.
You also visited: Sewer.

You collected 600 gold pieces.

Inventory:

Hand Weapons
 m - a +0 scimitar of flaming (weapon)
 p - a +10 club
Armour
 l - a +0 buckler (worn)
 q - a +1 pair of gloves (worn)
 y - a +0 pair of boots (worn)
 E - a +0 cloak (worn)
Jewellery
 r - a ring of protection from fire (left hand)
 u - a +3 amulet of reflection (around neck)
Wands
 a - a wand of digging (24/24)
 B - a wand of lightning (0/15)
 L - a wand of flame (26/48)
Scrolls
 d - 7 scrolls of teleportation
 f - 2 scrolls of remove curse
 h - 3 scrolls of enchant armour
 z - a scroll of recharging
 F - a scroll of fog
Potions
 c - 5 potions of lignification
 e - 2 potions of heal wounds
 g - a potion of haste
 i - a potion of mutation {unknown}
 j - 2 potions of degeneration
 k - a potion of cure mutation {unknown}
 o - 3 potions of cancellation
 t - 7 potions of curing
 v - a potion of brilliance
 A - 3 potions of invisibility
 D - 4 potions of flight
Books
 M - a book of the Sky

   Spells                             Type                      Level
   a - Summon Lightning Spire         Summoning/Air                4
   b - Airstrike                      Air                          4
   c - Silence                        Hexes/Air                    5
   d - Deflect Missiles               Charms/Air                   6
   e - Conjure Ball Lightning         Conjuration/Air              6
   f - Tornado                        Air                          9
   Trog disapproves of the use of such an item.
Comestibles
 b - 10 bread rations
 n - 7 chunks of flesh
 s - 8 fruits
 x - 8 slices of pizza
 C - 7 beef jerkies
 I - a meat ration


   Skills:
 + Level 9.8 Fighting
 * Level 12.0 Long Blades
 + Level 8.6 Dodging
 + Level 8.4 Shields


You had 10 spell levels left.
You didn't know any spells.

Dungeon Overview and Level Annotations

Branches:
Dungeon (11/15)            Temple (0/1) D:4            Lair (0/8) D:8
    Orc: D:9-12

Altars:
Ashenzari
Fedhas
Kikubaaqudgha
Ru
Sif Muna
Trog
Yredelemnul
The Shining One
Beogh

Shops:
D:6 %   D:8 (   D:10 ?


Innate Abilities, Weirdness & Mutations

You can breathe blasts of scalding, opaque steam.
Your pale cyan-grey scales are hard (AC +7).
Your body does not fit into most forms of armour.
You are cold-blooded and may be slowed by cold attacks.
You are resistant to hostile enchantments.


Message History

An ogre comes into view. It is wielding a giant club.
You completely miss the cyclops.
The cyclops is heavily wounded.
Something hits you!
Deactivating autopickup; reactivate with Ctrl-A.
The cyclops hits you.
The ogre moves out of view.
You completely miss the cyclops. You tail-slap the cyclops.
The cyclops is heavily wounded.
Something hits you but does no damage. x2
The cyclops hits you but does no damage.
You block something's attack.
The ogre shouts!
You hit the cyclops but do no damage.
The cyclops is heavily wounded.
Something hits you. x2
You hit the cyclops but do no damage.
The cyclops is heavily wounded.
Something closely misses you. The cyclops hits you. Something hits you.
The cyclops throws a large rock.
The large rock hits you!!!
You die...

#..............#
#.........
#.............##
#........#
##...........##
#.........
#......##...#
#.......##
#########..##
####.##### #..#
### ## #.## .#
##†# )# ..###
#.@# .#
......##.## .#
......zC># .#
.$..O.#z## .#
..... .z# ##
.... #..# ...
..## .. ... .
.#<.


You could see a cyclops, an ogre and 3 wights.

Vanquished Creatures
  A hydra (D:11)
  Erica (D:10)
  Urug (D:11)
  An unseen horror (D:10)
  4 ugly things (D:11)
  2 guardian serpents (D:11)
  A kobold demonologist (Sewer)
  A two-headed ogre (D:9)
  Grinder (D:3)
  A wraith (D:10)
  A hippogriff (D:9)
  A human (D:11)
  Grum (D:8)
  A mottled dragon (D:11)
  A soldier ant (D:10)
  Duvessa (D:6)
  6 orc warriors
  2 phantoms
  An ice beast (D:8)
  A wasp (D:10)
  A necrophage (D:5)
  5 sky beasts
  3 ogres
  4 wolves (D:8)
  5 centaurs
  A crocodile (D:8)
  A big kobold (Sewer)
  8 giant frogs
  Dowan (D:6)
  A gnoll sergeant (D:7)
  2 scorpions
  9 wights
  4 crimson imps
  2 centaur zombies
  A giant frog zombie (D:5)
  A quasit (Sewer)
  The ghost of pedritolo the Scratcher, a weakling FeTm (D:3)
  4 hounds
  5 orc priests
  A centaur skeleton (D:6)
  5 jellies
  2 giant frog skeletons
  Jessica (D:2)
  An iguana (D:10)
  Ijyb (D:3)
  6 orc wizards
  5 worker ants
  4 sheep (D:11)
  A killer bee zombie (D:5)
  Robin (D:2)
  A worker ant zombie (D:9)
  9 gnolls
  11 adders
  13 shadow imps
  4 ufetubi (Sewer)
  An ooze (Sewer)
  An adder zombie (D:5)
  5 worms
  2 dart slugs
  4 giant geckos
  56 orcs
  2 ball pythons
  7 giant cockroaches
  16 hobgoblins
  3 jackals (D:8)
  A quokka (D:7)
  12 bats
  A giant gecko skeleton (D:6)
  8 giant newts
  9 goblins
  18 kobolds
  A quokka zombie (D:8)
  4 rats
306 creatures vanquished.

Vanquished Creatures (collateral kills)
  The ghost of namelastname112 the Carver, a journeyman DrBe of Trog (D:11)
  A centaur zombie (D:11)
  A troll (D:11)
  3 orc warriors (D:11)
  An ogre (D:11)
  A giant frog (D:11)
  An orc priest (D:11)
  An orc wizard (D:11)
  14 orcs (D:11)
24 creatures vanquished.

Vanquished Creatures (others)
  2 big kobold zombies (Sewer)
  An adder (Sewer)
  A goblin (D:2)
4 creatures vanquished.

Grand Total: 334 creatures vanquished

Notes
Turn   | Place    | Note
--------------------------------------------------------------
     0 | D:1      | namelastname112 the Draconian Berserker began the quest for the Orb.
     0 | D:1      | Reached XP level 1. HP: 19/19 MP: 1/1
   274 | D:1      | Reached XP level 2. HP: 20/26 MP: 2/2
   840 | D:2      | Reached ** piety under Trog
   919 | D:2      | Noticed Jessica
   929 | D:2      | Killed Jessica
   929 | D:2      | Reached skill level 1 in Shields
   929 | D:2      | Reached XP level 3. HP: 20/31 MP: 3/3
  1129 | D:2      | Noticed Robin
  1150 | D:2      | Reached skill level 4 in Long Blades
  1152 | D:2      | Reached XP level 4. HP: 13/40 MP: 4/4
  1155 | D:2      | Killed Robin
  1581 | D:2      | Reached XP level 5. HP: 30/46 MP: 5/5
  1835 | D:3      | Reached *** piety under Trog
  1889 | D:3      | Noticed pedritolo's ghost (weakling FeTm)
  1896 | D:3      | Killed pedritolo's ghost
  2348 | D:3      | Noticed Ijyb
  2367 | D:3      | Killed Ijyb
  2414 | D:3      | Reached XP level 6. HP: 40/52 MP: 6/6
  2469 | D:3      | Found a deep blue altar of Sif Muna.
  2469 | D:3      | Noticed Grinder
  2478 | D:3      | Killed Grinder
  2478 | D:3      | Reached skill level 5 in Long Blades
  2802 | D:4      | Found a staircase to the Ecumenical Temple.
  2821 | D:4      | Your scales start taking on a pale cyan-grey colour.
  2821 | D:4      | Reached XP level 7. HP: 60/60 MP: 7/7
  3026 | D:4      | Found a glowing drain.
  3037 | Sewer    | Entered a sewer
  3144 | Sewer    | Reached skill level 5 in Fighting
  3280 | Sewer    | Found a burning altar of Makhleb.
  3286 | Sewer    | Noticed an apprentice kobold demonologist
  3300 | Sewer    | Reached **** piety under Trog
  3309 | Sewer    | Killed an apprentice kobold demonologist
  3309 | Sewer    | Reached skill level 6 in Long Blades
  3309 | Sewer    | Reached XP level 8. HP: 62/69 MP: 8/8
  3312 | Sewer    | Reached skill level 5 in Dodging
  4126 | D:5      | Entered Level 5 of the Dungeon
  4410 | D:5      | Reached skill level 7 in Long Blades
  4970 | D:6      | Found Koumumab's Food Shoppe.
  5024 | D:6      | Reached ***** piety under Trog
  5278 | D:6      | Found a sacrificial altar of Ru.
  5278 | D:6      | Noticed Dowan
  5279 | D:6      | Noticed Duvessa
  5291 | D:6      | Killed Duvessa
  5291 | D:6      | Reached skill level 5 in Shields
  5298 | D:6      | Killed Dowan
  5298 | D:6      | Reached skill level 8 in Long Blades
  5298 | D:6      | Reached XP level 9. HP: 33/78 MP: 9/9
  6018 | D:6      | Received a gift from Trog
  6866 | D:7      | Reached skill level 9 in Long Blades
  7169 | D:8      | Noticed Grum
  7187 | D:8      | Killed Grum
  7525 | D:8      | Found a staircase to the Lair.
  7538 | D:8      | Reached XP level 10. HP: 71/88 MP: 10/10
  7880 | D:8      | Found Wolyirch's Antique Weapon Shop.
  8314 | D:9      | Reached skill level 10 in Long Blades
  8371 | D:9      | Found a basalt altar of Yredelemnul.
  8379 | D:9      | Found an ancient bone altar of Kikubaaqudgha.
  8379 | D:9      | Found a bloodstained altar of Trog.
  8392 | D:9      | Found a shattered altar of Ashenzari.
  8396 | D:9      | Found a blossoming altar of Fedhas.
  8450 | D:9      | Received a gift from Trog
  8859 | D:9      | Gained mutation: You are resistant to hostile enchantments. [potion of beneficial mutation]
  8889 | D:10     | Entered Level 10 of the Dungeon
  9282 | D:10     | Noticed Erica
  9295 | D:10     | Killed Erica
  9318 | D:10     | Killed an unseen horror
  9646 | D:10     | Found Xysox's Magic Scroll Shop.
  9704 | D:10     | Paralysed by a wasp for 1 turns
  9987 | D:11     | Noticed a guardian serpent
  9996 | D:11     | Killed a guardian serpent
  9996 | D:11     | Reached skill level 11 in Long Blades
  9998 | D:11     | Reached XP level 11. HP: 53/95 MP: 11/11
 10175 | D:11     | Noticed Urug
 10176 | D:11     | Noticed a green ugly thing
 10192 | D:11     | Killed a green ugly thing
 10197 | D:11     | Killed Urug
 10740 | D:11     | Found a roughly hewn altar of Beogh.
 10786 | D:11     | Received a gift from Trog
 11007 | D:11     | Noticed namelastname112's ghost (journeyman DrBe)
 11050 | D:11     | HP: 1/145 [namelastname112's ghost (16)]
 11061 | D:11     | HP: 4/97 [namelastname112's ghost (11)]
 11093 | D:11     | Killed namelastname112's ghost
 11325 | D:11     | Noticed a green ugly thing
 11341 | D:11     | Killed a green ugly thing
 11478 | D:11     | Found a glowing golden altar of the Shining One.
 11551 | D:11     | Noticed a red ugly thing
 11552 | D:11     | Noticed a brown ugly thing
 11553 | D:11     | Noticed an eight-headed hydra
 11566 | D:11     | Killed a red ugly thing
 11571 | D:11     | Killed a three-headed hydra
 11571 | D:11     | Reached skill level 12 in Long Blades
 11574 | D:11     | Killed a brown ugly thing
 11586 | D:11     | Hit by a large rock thrown by a cyclops

Vault maps used:
D:1:      lightli_arrival_isolated_outpost, serial_bayou_ford_a,
          serial_park_tiny_1, minmay_misc_feat_room, minmay_misc_feat_cross,
          glass_columns_b
D:2:      first_bread, uniq_robin, uniq_jessica
D:3:      led_sif_pool, uniq_iyjb, uniq_grinder
D:4:      gup_sewer_entry_bubbles
D:5:      corexii_item_surrounded_by_moat
D:6:      nicolae_whirlpool, nicolae_ru_great_annihilating_truth, serial_shops,
          nicolae_shop_waterfront, uniq_duvessa
D:8:      lair_0_dummy, serial_shops, shop, uniq_grum
D:9:      minmay_overflow_temple_star_hex
D:10:     serial_shops, shop, uniq_erica
D:11:     nrook_guardian_serpent_snake_passage, basic_altar, special_room,
          grunt_livestock, uniq_urug
Sewer:    kennysheep_sewer_church

Skill      XL: |  1  2  3  4  5  6  7  8  9 10 11 |
---------------+----------------------------------+-----
Dodging        | 3 4 5 6 7 8 |  8.6
Shields        | 1 2 3 5 6 7 8 |  8.4
Long Blades    | 4 5 6 8 9 11 12 | 12.0
Fighting       | 4 5 6 7 8 9 |  9.8

Action                   |  1- 3 |  4- 6 |  7- 9 | 10-12 || total
-------------------------+-------+-------+-------+-------++-------
Melee: Falchion          |    77 |       |       |       ||    77
       Club              |    26 |   117 |     3 |       ||   146
       Scimitar          |       |       |   432 |   394 ||   826
Invok: Berserk           |     1 |     4 |     2 |     6 ||    13
       Burn Spellbooks   |       |       |       |     3 ||     3
       Trog's Hand       |       |       |       |     3 ||     3
       Brothers in Arms  |       |       |       |     3 ||     3
 Abil: Breathe Steam     |       |       |    11 |     8 ||    19
Evoke: Wand              |       |       |       |     3 ||     3
  Use: Scroll            |       |       |     2 |    19 ||    21
       Potion            |       |       |       |     7 ||     7
 Stab: Sleeping          |     1 |       |     2 |     4 ||     7
       Paralysed         |       |       |     1 |       ||     1
       Distracted        |       |       |       |     1 ||     1
  Eat: Chunk             |       |     9 |    16 |    12 ||    37
       Meat ration       |       |     1 |       |     1 ||     2
       Pizza             |       |       |       |     2 ||     2
       Fruit             |       |       |       |     1 ||     1
